Unix NetHack Version 3.7.0-65 Work-in-progress - last build Sep 26 2022 05:48:34 (a9070be95fe145525c880ceec589f5104d392f49,branch:master). Game began 2022-09-26 14:39:19, ended 2022-09-26 14:52:35. y4k4r1, chaotic female orcish Barbarian -------- ------ |.......# ---------- |....| |......|## ########-........| |.....# |......| #### |........| ----- |....|# |......| # #-........| |...| #-....|# -.------## #|........| |...| #|....|# # #### #|........| ----...---- #------# # # #---------- ####..*..**...| # # ## #### #### -------- # |.....*..*| # # ## # # |!!*(%%. ### |.....*.**. # # # # # |!?%([%.|# ---------|- # # ----|--- ###-----# |)?%[*%.-# ## # # #.......| #|...|# --------- @f##### # ### #### #|......| #|....# -a-----------# #------# ###-......| #...[| |............# #|<...|#### |......| ----- |.....>.....| #-.[^.-#####+......| ------------- ------ ---.---- Y4k4r1 the Pillager St:18/01 Dx:17 Co:18 In:8 Wi:7 Ch:6 Chaotic S:700 Dlvl:5 $:156 HP:0(50) Pw:8(8) AC:7 Xp:4/86 T:2052 Latest messages: A trap door in the ceiling opens and a rock falls on your head! Fortunately, you are wearing a hard helmet. There is a falling rock trap here. You see here 2 rocks. A trap door in the ceiling opens and a rock falls on your head! Fortunately, you are wearing a hard helmet. There is a falling rock trap here. You see here a rock. A trap door in the ceiling opens and a rock falls on your head! Fortunately, you are wearing a hard helmet. There is a falling rock trap here. You see here a rock. A trap door in the ceiling opens and a rock falls on your head! Fortunately, you are wearing a hard helmet. There is a falling rock trap here. You see here a rock. A trap door in the ceiling opens and a rock falls on your head! Fortunately, you are wearing a hard helmet. The kitten bites the giant ant. The giant ant bites the kitten. There is a falling rock trap here. You see here a rock. A trap door in the ceiling opens and a rock falls on your head! Fortunately, you are wearing a hard helmet. You hear some noises. There is a falling rock trap here. You see here 2 rocks. A trap door in the ceiling opens and a rock falls on your head! Fortunately, you are wearing a hard helmet. There is a falling rock trap here. You see here 2 rocks. A trap door in the ceiling opens and a rock falls on your head! Fortunately, you are wearing a hard helmet. You stop. Your kitten doesn't want to swap places. You stop. Your kitten is in the way! You swap places with your kitten. The giant ant bites! You miss the giant ant. The giant ant bites! The kitten misses the giant ant. The giant ant bites! The kitten misses the giant ant. You miss the giant ant. The giant ant bites! The kitten misses the giant ant. The giant ant bites! You miss the giant ant. The giant ant bites! You die... Do you want your possessions identified? [ynq] (y) Inventory: Coins $ - 156 gold pieces Amulets u - an uncursed amulet of ESP (being worn) Weapons f - a +0 knife (at the ready) a - a +0 battle-axe (weapon in hands) b - a +0 orcish short sword Armor j - an uncursed +0 orcish helm (being worn) c - an uncursed +0 orcish ring mail (being worn) Comestibles d - 2 uncursed food rations n - an uncursed melon e - 2 uncursed eggs t - an uncursed giant bat corpse Scrolls s - an uncursed scroll of create monster i - 3 uncursed scrolls of identify h - an uncursed scroll of scare monster Spellbooks g - an uncursed spellbook of knock Potions r - a blessed potion of sleeping o - an uncursed potion of sleeping Gems/Stones m - 2 uncursed worthless pieces of black glass p - an uncursed worthless piece of orange glass k - an uncursed worthless piece of yellowish brown glass Y4k4r1 the Barbarian's attributes: Background: You were a Pillager, a level 4 female orcish Barbarian. You were chaotic, nominally on a mission for Set who was opposed by Mitra (lawful) and Crom (neutral). You were in the Dungeons of Doom, on level 5. You entered the dungeon 2052 turns ago. There was a new moon in effect when your adventure ended. You had 86 experience points, 74 more were needed to attain level 5. Your score was 700 before end-of-game adjustments. Basics: You had 0 out of 50 hit points. You had all 8 energy points (spell power). Your armor class was 7. Your wallet contained 156 zorkmids. Autopickup was on for '$?!/="+' plus thrown, with exceptions. Final Characteristics: Your strength was 18/01 (limit:18/50). Your dexterity was 17 (limit:18). Your constitution was 18 (limit:18). Your intelligence was 8 (limit:16). Your wisdom was 7 (limit:16). Your charisma was 6 (limit:16). Final Status: You were not hungry. You were unencumbered. You were wielding an axe. You had basic skill with axe. Final Attributes: You were devoutly aligned. You were poison resistant. You were telepathic. You had infravision. You were warded. You are dead. Miscellaneous: You never encountered a bones level. Total elapsed playing time was 13 minutes and 15 seconds. Major events: Turn 1: y4k4r1 the chaotic female orcish Barbarian entered the dungeon 1125: attained the rank of Pillager (level 3) 2052: killed by a giant ant Vanquished creatures: a floating eye a giant bat a wererat an iguana 2 coyotes a hobbit a yellow mold a garter snake 2 geckos 3 jackals a kobold 4 goblins 2 sewer rats 7 grid bugs 2 bats 3 lichens 3 kobold zombies 36 creatures vanquished. No species were genocided or became extinct. Voluntary challenges: You were an atheist. You were illiterate. You never engraved Elbereth. You never genocided any monsters. You never polymorphed an object. You never changed form. You used no wishes. Achievements: You attained the rank of Pillager. You entered a shop. The Dungeons of Doom: levels 1 to 5 Level 1: A fountain, a sink. Level 2: Level 3: Some altars, some fountains. Level 4: Level 5: <- You were here. A general store, a fountain. Final resting place for you, killed by a giant ant. Game over: ---------- / \ / REST \ / IN \ / PEACE \ / \ | y4k4r1 | | 156 Au | | killed by a | | giant ant | | | | | | 2022 | *| * * * | * _________)/\\_//(\/(/\)/\//\/|_)_______ Goodbye y4k4r1 the Barbarian... You died in The Dungeons of Doom on dungeon level 5 with 685 points, and 156 pieces of gold, after 2052 moves. You were level 4 with a maximum of 50 hit points when you died.